 Dungeon Sprint DCSS version 0.30-a0-4-ga7cffc901d (webtiles) character file.

Game seed: 761544551228526472

1821 Conn the Arsonist (level 9, -8/53 HPs)
             Began as an Octopode Fire Elementalist on Aug 21, 2022.
             Was a Believer of Sif Muna.
             Shot with a bolt by a yaktaur (31 damage)
             ... in the Dungeon (Sprint II: "The Violet Keep of Menkaure").
             The game lasted 00:07:20 (301 turns).

Conn the Arsonist (Octopode Fire Elementalist)       Turns: 301, Time: 00:07:24

Health: -8/53      AC:  1    Str:  5    XL:     9   Next: 10%
Magic:  9/31       EV: 15    Int: 26    God:    Sif Muna [**....]
Gold:   10         SH:  5    Dex: 12    Spells: 13/26 levels left

rFire   + . .      SeeInvis .    d - +4 hand axe "Ogat Oty" {vorpal, rF+ Int+4}
rCold   . . .      Faith    .    (no shield)
rNeg    . . .      Spirit   .    (helmet restricted)
rPois   .          Reflect  +    g - amulet of reflection
rElec   .          Harm     .    h - ring of magical power
rCorr   .          Rampage  .    (no ring)
Will    .....      Rage     3%   (no ring)
Stlth   +++++..... NoTele   +    (no ring)
HPRegen 0.17/turn                (no ring)
MPRegen 0.22/turn                (no ring)
                                 (no ring)
                                 (no ring)

@: unable to read, unable to drink
A: almost no armour, amphibious, 8 rings, camouflage 1, gelatinous body 1,
(nimble swimmer 1), tentacles, berserk 1, screaming 1, weak 1, inability to
drink after injury 1, inability to read after injury 2
a: Renounce Religion, Channel Magic


You were in the Dungeon.
You worshipped Sif Muna.
Sif Muna was pleased with you.
You visited 1 branch You collected 738 gold pieces.
You spent 728 gold pieces at shops.

Inventory:

Hand Weapons
 d - the +4 hand axe "Ogat Oty" (weapon) {vorpal, rF+ Int+4}
   (You bought it in a shop in the Dungeon)

   It inflicts extra damage upon your enemies.
   Int:       It affects your intelligence (+4).
   rF:        It protects you from fire.
Jewellery
 g - an amulet of reflection (around mantle)
 h - a ring of magical power (left tentacle)
Scrolls
 f - a scroll of blinking
Potions
 a - a potion of magic
 b - a potion of curing


   Skills:
 + Level 1.4 Fighting
 + Level 6.3 Dodging
 + Level 8.9 Stealth
 - Level 0.9 Unarmed Combat
 + Level 9.1 Spellcasting
 * Level 4.8 Conjurations
 + Level 1.5 Hexes
 + Level 13.8 Fire Magic
 * Level 4.4 Invocations


You had 13 spell levels left.
You knew the following spells:

 Your Spells              Type           Power      Damage    Failure   Level
a - Foxfire               Conj/Fire      100%       2x1d9     1%          1
b - Conjure Flame         Conj/Fire      57%        6-21      1%          3
c - Inner Flame           Hex/Fire       51%        N/A       1%          3
d - Flame Wave            Conj/Fire      57%        2d14      1%          4
e - Scorch                Fire           100%       2d10      1%          2

Your spell library contained the following spells:

 Spells                   Type           Power      Damage    Failure   Level


Dungeon Overview and Level Annotations

Branches:
Dungeon (1/1)

Altars:
Cheibriados
Dithmenos
Elyvilon
Fedhas
Gozag
Hepliaklqana
Kikubaaqudgha
Makhleb
Nemelex Xobeh
Okawaru
Qazlal
Ru
Sif Muna
Trog
Uskayaw
Vehumet
Wu Jian
Xom
Yredelemnul
Zin
The Shining One
Jiyva
Lugonu

Shops:
D ::[!!:[!:=([=(?

Annotations:
D exclusions: ice statue and oklob plant


Innate Abilities, Weirdness & Mutations

You cannot wear most types of armour.
You are amphibious.
You can wear up to eight rings at the same time.
Your skin changes colour to match your surroundings (Stealth+).
Your rubbery body absorbs attacks. (AC +1, EV +1)
((You are camouflaged when in or above water. (Stealth+)))
You have tentacles for arms and can constrict up to eight enemies at once.
You sometimes lose your temper in combat.
You occasionally shout uncontrollably at your foes.
You are weak. (Str -2)
You occasionally lose the ability to drink potions when taking damage.
You sometimes lose the ability to read scrolls when taking damage.


Message History

Ouch! That really hurt!
* * * LOW HITPOINT WARNING * * *
The polar bear closely misses you. The polar bear claws you.
* * * LOW HITPOINT WARNING * * *
The polar bear is engulfed in blazing flames.
Sif Muna accepts your kill.
The polar bear explodes!
The fiery explosion engulfs the hornet!!
Sif Muna accepts your kill.
The hornet explodes!
Your Spellcasting skill increases to level 9!
Your Invocations skill increases to level 4!
You have reached level 9!
Your experience leads to an increase in your attributes!
Your base attributes are Str 7, Int 20, Dex 12.
Increase (S)trength, (I)ntelligence, or (D)exterity?
You feel clever. x2
There is a sparkling altar of Nemelex Xobeh here.
Unknown command.
Press < or > to pray at altars.
Casting: Scorch (safe; 1% risk of failure)
Confirm with . or Enter, or press ? or * to list all spells.
Okay, then.
Unknown command.
Press < or > to pray at altars.
Unknown command.
Press < or > to pray at altars.
Unknown command.
Press < or > to pray at altars.
Casting: Scorch (safe; 1% risk of failure)
Confirm with . or Enter, or press ? or * to list all spells.
You conjure some foxfire!
You feel much better.
The foxfire hits the yaktaur but does no damage.
The yaktaur is engulfed in a cloud of scalding steam.
The yaktaur wields a +0 arbalest.
The yaktaur shoots a bolt.
The bolt hits you!!
You feel threatened and lose the ability to drink potions!
Ouch! That really hurt!
You die...

#..# ...# .^.# #.####..##
#..# $# $?? †###.##..# +..#
.#▓!([$$ .##.).#..# #..#
.#▓$)$?$! <.'.#§+..###
.^##.#▓[$$!$=$
.##...#....###§○.##▓▓▓▓▓▓▓+
'###.##§.....~☼ch~~~~~~~~~
#.####~~.....~#§########+###
##.#~~~~~§§..~#§@§._...#~~§#
..##~~§§~~§§.~#§_.§._._#§~≈≈
+##~~§§§≈~~~~~#§._.§._.#~§§§
~~~~~~§§§≈≈~~~#._._.§._#~~S≈
#+++#~≈§§§≈§≈~#.._._.§.#~~§§
S≈°○##≈§≈###≈§#..._._.§#~S§~
≈○S°○##≈≈# #§≈#...._._v#~~≈≈
≈§≈§°○+≈≈# #≈§#....._..#~§≈≈
§≈≈§S##≈≈≈≈§§§##########§≈≈≈


You could see a polar bear and a yaktaur.

Vanquished Creatures
  A merfolk siren (D)
  2 polar bears (D)
  A hornet (D)
  3 neqoxecs (D)
  Menkaure (D)
  A water moccasin (D)
  4 necrophages (D)
  A scorpion (D)
14 creatures vanquished.

Vanquished Creatures (others)
  A neqoxec (D)
  A water moccasin (D)
  18 foxfires (D)
20 creatures vanquished.

Grand Total: 34 creatures vanquished

Notes
Turn   | Place    | Note
-------+----------+-------------------------------------------
     0 | D        | Conn the Octopode Fire Elementalist began the quest for the
                  | Orb.
     0 | D        | Reached XP level 1. HP: 11/11 MP: 3/3
     1 | D        | Noticed a boulder beetle
     1 | D        | Noticed a boulder beetle
     4 | D        | Noticed a necrophage
     4 | D        | Noticed a necrophage
     4 | D        | Noticed a necrophage
     4 | D        | Noticed a necrophage
     9 | D        | Killed a necrophage
    10 | D        | Reached skill level 6 in Fire Magic
    10 | D        | Reached XP level 2. HP: 17/17 MP: 3/6
    10 | D        | Reached XP level 3. HP: 21/21 MP: 4/8
    10 | D        | Reached XP level 4. HP: 27/27 MP: 4/9
    15 | D        | Killed a necrophage
    16 | D        | Reached skill level 7 in Fire Magic
    16 | D        | Reached XP level 5. HP: 32/32 MP: 4/11
    17 | D        | Killed a water moccasin
    19 | D        | Reached skill level 5 in Stealth
    19 | D        | Reached skill level 8 in Fire Magic
    21 | D        | Reached skill level 1 in Fighting
    21 | D        | Reached skill level 5 in Spellcasting
    21 | D        | Reached skill level 9 in Fire Magic
    21 | D        | Reached XP level 6. HP: 30/38 MP: 4/13
    34 | D        | Learned a level 2 spell: Scorch
    38 | D        | Learned a level 3 spell: Conjure Flame
    42 | D        | Learned a level 3 spell: Inner Flame
    47 | D        | Learned a level 4 spell: Flame Wave
    48 | D        | Noticed a merfolk siren
    51 | D        | Killed a merfolk siren
    52 | D        | Reached skill level 5 in Dodging
    52 | D        | Reached skill level 11 in Fire Magic
    52 | D        | Reached XP level 7. HP: 26/43 MP: 1/16
    74 | D        | Noticed Menkaure
    77 | D        | Killed Menkaure
    78 | D        | Reached skill level 12 in Fire Magic
    79 | D        | Found an iron altar of Okawaru.
    79 | D        | Found an opulent altar of Gozag.
    80 | D        | Found a sparkling altar of Nemelex Xobeh.
    80 | D        | Found a blossoming altar of Fedhas.
    81 | D        | Found a radiant altar of Vehumet.
    81 | D        | Found a burning altar of Makhleb.
    81 | D        | Found a white marble altar of Elyvilon.
    82 | D        | Found a hide-covered altar of Uskayaw.
    82 | D        | Found a corrupted altar of Lugonu.
    82 | D        | Found a shadowy altar of Dithmenos.
    83 | D        | Found a glowing silver altar of Zin.
    83 | D        | Found a bloodstained altar of Trog.
    83 | D        | Found an ancient bone altar of Kikubaaqudgha.
    84 | D        | Found a basalt altar of Yredelemnul.
    84 | D        | Found a shimmering blue altar of Sif Muna.
    84 | D        | Found a viscous altar of Jiyva.
    85 | D        | Found a shimmering altar of Xom.
    85 | D        | Found a sacrificial altar of Ru.
    87 | D        | Found a glowing golden altar of the Shining One.
    87 | D        | Found an ornate altar of the Wu Jian Council.
    87 | D        | Found a stormy altar of Qazlal.
    87 | D        | Found a snail-covered altar of Cheibriados.
    87 | D        | Found a hazy altar of Hepliaklqana.
    94 | D        | Became a worshipper of Sif Muna the Loreminder
   119 | D        | Noticed a neqoxec
   123 | D        | Gained mutation: You are weak. (Str -2) [a neqoxec]
   126 | D        | Killed a neqoxec
   126 | D        | Noticed a neqoxec
   130 | D        | Gained mutation: You have hidden genetic defects. [a
                  | neqoxec]
   132 | D        | Killed a neqoxec
   133 | D        | Reached XP level 8. HP: 17/48 MP: 8/19
   135 | D        | Gained mutation: You sometimes lose your temper in combat.
                  | [a neqoxec]
   148 | D        | Gained mutation: You occasionally lose the ability to read
                  | scrolls when taking damage. [a neqoxec]
   148 | D        | Gained mutation: You occasionally shout uncontrollably at
                  | your foes. [hidden defects]
   151 | D        | Gained mutation: You sometimes lose the ability to read
                  | scrolls when taking damage. [a neqoxec]
   153 | D        | Reached * piety under Sif Muna
   154 | D        | Reached skill level 13 in Fire Magic
   154 | D        | Reached skill level 1 in Invocations
   178 | D        | Noticed an ice statue
   186 | D        | Reached skill level 1 in Hexes
   189 | D        | Found Oducyeho's Antique Weapon Shoppe.
   189 | D        | Found Doas's Magic Scroll Emporium.
   190 | D        | Found Muoteudu's Antique Armour Shoppe.
   190 | D        | Found Issijak's Antique Weapon Emporium.
   190 | D        | Found Regol's Jewellery Emporium.
   191 | D        | Found Yniov's Book Shoppe.
   191 | D        | Found Widil's Jewellery Emporium.
   191 | D        | Found Sibleng's Distillery.
   192 | D        | Found Wilaruat's Book Shoppe.
   192 | D        | Found Eskuamm's Antique Armour Emporium.
   192 | D        | Found Annaeg's Distillery.
   192 | D        | Noticed a slime creature
   204 | D        | Gained mutation: You occasionally lose the ability to drink
                  | potions when taking damage. [hidden defects]
   204 | D        | Lost mutation: You have hidden genetic defects. [hidden
                  | defects expressed]
   211 | D        | Found Otecw's Distillery.
   211 | D        | Found Jomalibe's Armour Emporium.
   211 | D        | Noticed a slime creature
   211 | D        | Noticed a slime creature
   211 | D        | Noticed an oklob plant
   212 | D        | Found Mittoihimo's Book Shoppe.
   212 | D        | Found Miaj's Book Shoppe.
   214 | D        | Noticed a death yak
   217 | D        | Noticed a cane toad
   217 | D        | Noticed a flying skull
   217 | D        | Noticed a flying skull
   218 | D        | Noticed a flying skull
   219 | D        | Noticed a cane toad
   219 | D        | Noticed a flying skull
   219 | D        | Noticed a flying skull
   240 | D        | Bought a faintly glowing hand axe for 184 gold pieces
   240 | D        | Identified the +4 hand axe "Ogat Oty" {vorpal, rF+ Int+4}
                  | (You bought it in a shop in the Dungeon)
   243 | D        | Bought a scroll of immolation for 44 gold pieces
   244 | D        | Bought an amulet of reflection for 300 gold pieces
   244 | D        | Bought a ring of magical power for 200 gold pieces
   285 | D        | Noticed a hornet
   285 | D        | Noticed a polar bear
   287 | D        | Noticed a yaktaur
   291 | D        | Noticed a polar bear
   293 | D        | Killed a polar bear
   293 | D        | Reached ** piety under Sif Muna
   294 | D        | Noticed a polar bear
   298 | D        | HP: 2/48 [polar bear (6)]
   298 | D        | Killed a polar bear
   298 | D        | Killed a hornet
   299 | D        | Reached XP level 9. HP: 3/53 MP: 9/22
   301 | D        | Shot with a bolt by a yaktaur

Illustrated notes

Levels and vault maps discovered:
D:        the_violet_keep_of_menkaure [sprint2_stairs_cluster_1,
          sprint2_shoproom, sprint2_temple, sprint2_basic_supplies,
          sprint2_obstacle_5, sprint2_obstacle_6, sprint2_obstacle_2,
          sprint2_obstacle_1, sprint2_obstacle_7, sprint2_timed_cluster_1,
          sprint2_smallroom_cluster_1, sprint2_smallroom_final_cluster_1,
          sprint2_transparent_cluster_1, sprint2_second_timed_cluster_1,
          sprint2_sniper_area_1, sprint2_heavy_combat_area_1,
          sprint2_mutation_trap_area_1, sprint2_forest_area_1,
          sprint2_light_combat_area_1, sprint2_behind_water_1,
          sprint2_near_end_vault_1]

Skill      XL: |  1  2  3  4  5  6  7  8 |
---------------+-------------------------+-----
Dodging        | 3 4 5 6 |  6.3
Stealth        | 4 6 7 8 |  8.9
Spellcasting   | 3 4 5 6 7 9 |  9.1
Fire Magic     | 6 7 9 11 12 13 | 13.8
Fighting       | 1 |  1.4
Conjurations   | 2 4 |  4.8
Invocations    | 4 |  4.4
Hexes          | 1 |  1.5
Unarmed Combat | |  0.9

Action                   |  1- 3 |  4- 6 |  7- 9 || total
-------------------------+-------+-------+-------++-------
Melee: Unarmed           |     3 |    10 |     4 ||    17
       Tentacles         |     2 |     6 |     2 ||    10
       Constrict         |     1 |     3 |     2 ||     6
       Punch             |       |       |     1 ||     1
 Cast: Scorch            |       |     2 |    18 ||    20
       Inner Flame       |       |     1 |     5 ||     6
       Foxfire           |       |       |    11 ||    11
       Conjure Flame     |       |       |     2 ||     2
  Use: Potion            |     2 |       |     3 ||     5
       Scroll            |       |       |     1 ||     1
Dodge: Dodged            |     1 |     1 |     6 ||     8

Table legend: (Time is in decaauts)
 A = Elapsed time spent in this place.
 B = Non-inter-level travel time spent in this place.
 C = Inter-level travel time spent in this place.
 D = Time resting spent in this place.
 E = Time spent auto-exploring this place.
 F = Levels seen in this place.
 G = Mean time per level.
                   A        B        C        D        E       F      G
               +--------+--------+--------+--------+--------+-----+--------+
         Total |    288 |    288 |      0 |      0 |      0 |   1 |  288.0 |
       Dungeon |    288 |    288 |      0 |      0 |      0 |   1 |  288.0 |
               +--------+--------+--------+--------+--------+-----+--------+

Top non-repeatable levels by time:
       D: 288 daAuts
